 Dungeon Crawl Stone Soup version 0.26.0-16-gc1dbca0489 (webtiles) character file.

Game seed: 2328065197755287440

384 EnegeticOcto the Insei (level 6, -4/47 HPs)
             Began as a Gnoll Transmuter on Jan 18, 2021.
             Slain by a scorpion (8 damage)
             ... on level 4 of the Dungeon.
             The game lasted 00:04:46 (688 turns).

EnegeticOcto the Insei (Gnoll Transmuter)            Turns: 688, Time: 00:04:46

Health: -4/47      AC:  4    Str: 13    XL:     6   Next: 77%
Magic:  14/14      EV: 15    Int: 17    God:
Gold:   144        SH:  0    Dex: 15    Spells: 11/15 levels left

rFire    . . .     SeeInvis .     - Unarmed
rCold    . . .     Faith    .   (no shield)
rNeg     . . .     Spirit   .   a - +0 robe
rPois    .         Reflect  .   (no helmet)
rElec    .         Harm     .   t - +1 cloak
rCorr    .         Rampage  .   (no gloves)
Will     .....                  (no boots)
Stlth    ++........             (no amulet)
HPRegen  0.15/turn              (no ring)
MPRegen  0.14/turn              (no ring)

@: lethally poisoned (-4 -> -20)
A: distributed training, fangs 1, strong nose
a: no special abilities


You were on level 4 of the Dungeon.
You visited 1 branch of the dungeon, and saw 4 of its levels.

You collected 144 gold pieces.

Inventory:

Hand Weapons
 c - a +0 short sword of holy wrath
   (You took it off a kobold on level 1 of the Dungeon)
 p - a +0 war axe
   (You took it off an orc priest on level 4 of the Dungeon)
 r - a +0 scythe
   (You took it off Sigmund on level 4 of the Dungeon)
Missiles
 l - 3 boomerangs (quivered)
 m - 4 poisoned darts
 o - a throwing net {!f}
Armour
 a - a +0 robe (worn)
 s - a +1 robe of cold resistance
   (You took it off Sigmund on level 4 of the Dungeon)
 t - a +1 cloak (worn)
   (You found it on level 4 of the Dungeon)
Wands
 n - a wand of flame (17) {@v4}
   (You found it on level 4 of the Dungeon)
Scrolls
 e - 3 scrolls of teleportation {unknown}
 g - a scroll of magic mapping {unknown}
 h - a scroll of identify {unknown}
 q - a scroll of remove curse {unknown}
Potions
 b - a potion of resistance {unknown}
 d - a potion of flight {unknown}
 f - 2 potions of curing {unknown}
 i - a potion of cancellation {unknown}
 j - a potion of attraction {unknown}
 k - a potion of lignification {unknown}


   Skills:
 + Level 3.3 Fighting
 + Level 2.1 Short Blades
 + Level 2.1 Long Blades
 + Level 2.1 Axes
 + Level 2.1 Maces & Flails
 + Level 2.1 Polearms
 + Level 2.1 Staves
 + Level 2.1 Slings
 + Level 2.1 Bows
 + Level 2.1 Crossbows
 + Level 2.1 Throwing
 + Level 2.1 Armour
 + Level 5.0 Dodging
 + Level 2.1 Stealth
 + Level 2.1 Shields
 + Level 6.9 Unarmed Combat
 + Level 5.4 Spellcasting
 + Level 1.6 Conjurations
 + Level 1.6 Hexes
 + Level 1.6 Summonings
 + Level 1.6 Necromancy
 + Level 1.6 Translocations
 + Level 4.1 Transmutations
 + Level 1.6 Fire Magic
 + Level 1.6 Ice Magic
 + Level 1.6 Air Magic
 + Level 1.6 Earth Magic
 + Level 1.6 Poison Magic
 + Level 2.3 Invocations
 + Level 2.1 Evocations


You had 11 spell levels left.
You knew the following spells:

 Your Spells              Type           Power        Failure   Level
a - Beastly Appendage     Tmut           36%          2%          1
b - Spider Form           Tmut/Pois      7%           12%         3

Your spell library contained the following spells:

 Spells                   Type           Power        Failure   Level
 Wereblood                Tmut           18%          3%          2
 Ice Form                 Ice/Tmut       14%          38%         4
 Blade Hands              Tmut           9%           56%         5


Dungeon Overview and Level Annotations

Branches:
Dungeon (4/15)
 Temple: D:4-7

Altars:

Annotations:
D:2 Terence


Innate Abilities, Weirdness & Mutations

Your experience applies equally to all skills.
You have very sharp teeth.
Your uncanny sense of smell can sniff out nearby items.


Message History

Found a smoky orange potion.
You are now empty-handed.
A scorpion comes into view.
The leopard gecko skeleton barely misses you.
You are too injured to fight recklessly!
You are too injured to fight recklessly!
You punch the leopard gecko skeleton!
You destroy the leopard gecko skeleton!
Throw: 3 boomerangs
Press: ? - help, Q - select action, (/) - cycle Shift-Dir - straight line, f - scorpion
Aim: a scorpion (asleep)
You throw a boomerang. The boomerang hits the scorpion.
The scorpion is lightly wounded.
Throw: 3 boomerangs
Press: ? - help, Q - select action, (/) - cycle Shift-Dir - straight line, f/p - scorpion
Aim: a scorpion (lightly wounded)
You throw a boomerang. The boomerang hits the scorpion.
The scorpion is moderately wounded.
Throw: 3 boomerangs
Press: ? - help, Q - select action, (/) - cycle Shift-Dir - straight line, f/p - scorpion
Aim: a scorpion (moderately wounded)
You throw a boomerang. The boomerang hits the scorpion.
The scorpion is heavily wounded.
Throw: 3 boomerangs
Press: ? - help, Q - select action, (/) - cycle Shift-Dir - straight line, f/p - scorpion
Aim: a scorpion (heavily wounded)
You throw a boomerang. The boomerang hits the scorpion!
You kill the scorpion!
You now have 144 gold pieces (gained 11).
You open the large door.
Found a scroll labelled KUUBRY COUNEOBRA.
Found a stone staircase leading up.
There is a large open door here.
A scorpion comes into view.
There is a large open door here.
Throw: 3 boomerangs
Press: ? - help, Q - select action, (/) - cycle Shift-Dir - straight line, f - scorpion
Aim: a scorpion You throw a boomerang.
The boomerang hits the scorpion.
The scorpion is lightly wounded.
You closely miss the scorpion.
The scorpion is lightly wounded.
The scorpion stings you.
You hit the scorpion.
The scorpion is lightly wounded.
You closely miss the scorpion.
The scorpion is lightly wounded.
The scorpion misses you.
You hit the scorpion.
The scorpion is moderately wounded.
The scorpion stings you.
You are poisoned.
The scorpion poisons you!
You hit the scorpion.
You bite the scorpion, but do no damage.
The scorpion is heavily wounded.
You feel sick. The scorpion misses you.
You hit the scorpion.
The scorpion is heavily wounded.
You feel sick. The scorpion stings you.
You barely miss the scorpion.
The scorpion is heavily wounded.
The scorpion stings you.
You are more poisoned.
The scorpion poisons you!
You closely miss the scorpion.
The scorpion is heavily wounded.
You feel sick. The scorpion misses you.
You hit the scorpion but do no damage.
The scorpion is heavily wounded.
You feel sick.
You hit the scorpion but do no damage.
You punch the scorpion, but do no damage.
Your bite misses the scorpion.
The scorpion is heavily wounded.
You feel sick. The scorpion misses you.
You barely miss the scorpion.
The scorpion is heavily wounded.
You feel sick. The scorpion stings you.
* * * LOW HITPOINT WARNING * * *
Throw: 3 boomerangs
Press: ? - help, Q - select action, (/) - cycle Shift-Dir - straight line, f/p - scorpion
Aim: a scorpion (heavily wounded)
You throw a boomerang. The boomerang hits the scorpion.
The scorpion is severely wounded.
You feel sick. The scorpion closely misses you.
Throw: 3 boomerangs
Press: ? - help, Q - select action, (/) - cycle Shift-Dir - straight line, f/p - scorpion
Aim: a scorpion (severely wounded)
You throw a boomerang.
The boomerang barely misses the scorpion.
You feel sick. The scorpion stings you.
* * * LOW HITPOINT WARNING * * *
You are more poisoned.
The scorpion poisons you!
You hit the scorpion but do no damage.
The scorpion is severely wounded.
* * * LOW HITPOINT WARNING * * *
You feel sick. The scorpion stings you!
You die...

##)## #>.' ## #######
#####<. .......
#.....# ####. #.....+
########. #...?.#
#......†. #.....# #
#.#..(### #..s@.#
#.#.#.#(# ####'##
#.#.#.#(###
####'######.!.#.#(#.≈
#.........###≈#.(♣#≈≈
#...............≈≈♣≈≈
#.........##.≈...♣.≈≈
###########..≈≈....≈.
#..≈≈≈..#≈≈
#...≈.≈.≈≈≈


You could see a scorpion.

Vanquished Creatures
  Sigmund (D:4)
  2 scorpions (D:4)
  2 orc priests (D:4)
  4 adders
  A dart slug (D:4)
  2 leopard geckos (D:2)
  5 orcs
  6 hobgoblins
  4 kobolds
  A leopard gecko skeleton (D:4)
28 creatures vanquished.

Notes
Turn   | Place    | Note
-------+----------+-------------------------------------------
     0 | D:1      | EnegeticOcto the Gnoll Transmuter began the quest for the
                  | Orb.
     0 | D:1      | Reached XP level 1. HP: 17/17 MP: 6/6
    80 | D:1      | Reached XP level 2. HP: 13/23 MP: 7/7
    98 | D:2      | Noticed Terence
   362 | D:3      | Reached skill level 5 in Spellcasting
   362 | D:3      | Reached XP level 3. HP: 27/28 MP: 7/9
   371 | D:3      | Learned a level 3 spell: Spider Form
   404 | D:4      | Reached skill level 1 in Invocations
   495 | D:4      | Noticed a scorpion
   510 | D:4      | Killed a scorpion
   511 | D:4      | Reached skill level 1 in Short Blades
   511 | D:4      | Reached skill level 1 in Long Blades
   511 | D:4      | Reached skill level 1 in Axes
   511 | D:4      | Reached skill level 1 in Maces & Flails
   511 | D:4      | Reached skill level 1 in Polearms
   511 | D:4      | Reached skill level 1 in Staves
   511 | D:4      | Reached skill level 1 in Slings
   511 | D:4      | Reached skill level 1 in Bows
   511 | D:4      | Reached skill level 1 in Crossbows
   511 | D:4      | Reached skill level 1 in Throwing
   511 | D:4      | Reached skill level 1 in Armour
   511 | D:4      | Reached skill level 1 in Stealth
   511 | D:4      | Reached skill level 1 in Shields
   511 | D:4      | Reached skill level 1 in Conjurations
   511 | D:4      | Reached skill level 1 in Hexes
   511 | D:4      | Reached skill level 1 in Summonings
   511 | D:4      | Reached skill level 1 in Necromancy
   511 | D:4      | Reached skill level 1 in Translocations
   511 | D:4      | Reached skill level 1 in Fire Magic
   511 | D:4      | Reached skill level 1 in Ice Magic
   511 | D:4      | Reached skill level 1 in Air Magic
   511 | D:4      | Reached skill level 1 in Earth Magic
   511 | D:4      | Reached skill level 1 in Poison Magic
   511 | D:4      | Reached skill level 1 in Evocations
   511 | D:4      | Reached XP level 4. HP: 25/34 MP: 11/11
   522 | D:4      | Reached XP level 5. HP: 31/40 MP: 12/12
   533 | D:4      | Reached skill level 3 in Fighting
   533 | D:4      | Reached skill level 4 in Transmutations
   561 | D:4      | Noticed Sigmund
   588 | D:4      | Killed Sigmund
   589 | D:4      | Reached skill level 2 in Short Blades
   589 | D:4      | Reached skill level 2 in Long Blades
   589 | D:4      | Reached skill level 2 in Axes
   589 | D:4      | Reached skill level 2 in Maces & Flails
   589 | D:4      | Reached skill level 2 in Polearms
   589 | D:4      | Reached skill level 2 in Staves
   589 | D:4      | Reached skill level 2 in Slings
   589 | D:4      | Reached skill level 2 in Bows
   589 | D:4      | Reached skill level 2 in Crossbows
   589 | D:4      | Reached skill level 2 in Throwing
   589 | D:4      | Reached skill level 2 in Armour
   589 | D:4      | Reached skill level 5 in Dodging
   589 | D:4      | Reached skill level 2 in Stealth
   589 | D:4      | Reached skill level 2 in Shields
   589 | D:4      | Reached skill level 2 in Invocations
   589 | D:4      | Reached skill level 2 in Evocations
   589 | D:4      | Reached XP level 6. HP: 6/47 MP: 14/14
   688 | D:4      | Slain by a scorpion

Illustrated notes

Levels and vault maps discovered:
D:1:      noname_arrival_rooms_in_the_neighbourhood, layout_rooms,
          wander_ebering_terrifying_dragon_lair
D:2:      layout_basic, uniq_terence
D:3:      layout_basic, uniq_jessica, uniq_robin
D:4:      layout_basic, serial_shops, nicolae_shop_waterfront,
          amcnicky_mini_rare_corridor_liquid, chequers_serial_rivers_marsh,
          uniq_sigmund

Skill      XL: |  1  2  3  4  5 |
---------------+----------------+-----
Spellcasting   | 5 |  5.4
Invocations    | 1 2 |  2.3
Short Blades   | 1 2 |  2.1
Long Blades    | 1 2 |  2.1
Axes           | 1 2 |  2.1
Maces & Flails | 1 2 |  2.1
Polearms       | 1 2 |  2.1
Staves         | 1 2 |  2.1
Slings         | 1 2 |  2.1
Bows           | 1 2 |  2.1
Crossbows      | 1 2 |  2.1
Throwing       | 1 2 |  2.1
Armour         | 1 2 |  2.1
Stealth        | 1 2 |  2.1
Shields        | 1 2 |  2.1
Conjurations   | 1 |  1.6
Hexes          | 1 |  1.6
Summonings     | 1 |  1.6
Necromancy     | 1 |  1.6
Translocations | 1 |  1.6
Fire Magic     | 1 |  1.6
Ice Magic      | 1 |  1.6
Air Magic      | 1 |  1.6
Earth Magic    | 1 |  1.6
Poison Magic   | 1 |  1.6
Evocations     | 1 2 |  2.1
Fighting       | 3 |  3.3
Transmutations | 4 |  4.1
Dodging        | 5 |  5.0
Unarmed Combat | |  6.9

Action                   |  1- 3 |  4- 6 || total
-------------------------+-------+-------++-------
Melee: Unarmed           |    58 |    28 ||    86
       Bite              |     5 |     3 ||     8
       Punch             |     2 |     2 ||     4
       Headbutt          |     3 |     2 ||     5
       Kick              |     2 |     5 ||     7
Throw: Boomerang         |     8 |    11 ||    19
       Dart              |       |     5 ||     5
 Cast: Beastly Appendage |     1 |       ||     1
Evoke: Wand              |       |     8 ||     8
 Stab: Sleeping          |     1 |       ||     1
Armor: Robe              |     6 |     1 ||     7
Dodge: Dodged            |    22 |    14 ||    36
